 Dungeon Crawl Stone Soup version 0.28-a0-689-ga55568f2eb (webtiles) character file.

Game seed: 10004420681345580685

7069 BlueGoblin the Spry (level 10, -8/47 HPs)
             Began as a Spriggan Monk on Oct 20, 2021.
             Was an Elder of Dithmenos.
             Killed by vampiric draining
             ... invoked by a vampire
              (22 damage)
             ... on level 9 of the Dungeon.
             The game lasted 00:28:46 (14778 turns).

BlueGoblin the Spry (Spriggan Monk)                Turns: 14778, Time: 00:28:47

Health: -8/47      AC:  2    Str:  7    XL:     10   Next: 83%
Magic:  11/11      EV: 33    Int: 13    God:    Dithmenos [****..]
Gold:   221        SH:  9    Dex: 20    Spells: 9/9 levels left

rFire   . . .      SeeInvis +   a - +2 dagger (venom)
rCold   . . .      Faith    .   j - +0 buckler
rNeg    . . .      Spirit   .   q - +0 robe
rPois   .          Reflect  .   (helmet restricted)
rElec   .          Harm     .   (no cloak)
rCorr   .          Rampage  .   (gloves unavailable)
Will    +....                   (boots unavailable)
Stlth   ++++......              (no amulet)
HPRegen 0.15/turn               (no ring)
MPRegen 0.12/turn               (no ring)

@: wreathed by umbra, very quick
A: very small, no large weapons, unfitting armour, see invisible, speed 3
a: Renounce Religion, Shadow Step


You were on level 9 of the Dungeon.
You worshipped Dithmenos.
Dithmenos was greatly pleased with you.
You visited 2 branches of the dungeon, and saw 10 of its levels.

You collected 221 gold pieces.

Inventory:

Hand Weapons
 a - a +2 dagger of venom (weapon)
 b - a +2 dagger of flaming
 v - the +5 trident "Pezeresu" {drain, Dex+4}
   (You found it on level 8 of the Dungeon)

   A truly terrible weapon, it drains the life of any living foe it strikes.
   Dex:       It affects your dexterity (+4).
 y - a +2 spear of venom
 A - a +2 whip of freezing
Missiles
 e - 125 sling bullets
 k - a datura-tipped dart
 l - 28 poisoned darts
 p - 2 throwing nets
 t - 100 bolts
Armour
 j - a +0 buckler (worn)
 q - a +0 robe (worn)
Jewellery
 u - the ring "Ecyetus" {Wiz rC- rN++ Stlth+}
   (You took it off a kobold on level 7 of the Dungeon)

   [ring of wizardry]

   It improves your spell success rate.
   rC:        It makes you vulnerable to cold.
   rN:        It greatly protects you from negative energy.
   Stlth:     It makes you more stealthy.
Wands
 f - a wand of polymorph (14)
 g - a wand of flame (11) (quivered)
Scrolls
 c - a scroll of magic mapping
 d - a scroll of amnesia
 s - 5 scrolls of identify
 x - a scroll of enchant weapon
Potions
 h - 2 potions of flight
 i - a potion of brilliance {unknown}
 m - 2 potions of degeneration
 n - a potion of resistance {unknown}
 o - a potion of cancellation {unknown}
 r - a potion of curing
 w - a potion of might {unknown}
 z - 2 potions of invisibility {unknown}


   Skills:
 - Level 2.4 Fighting
 - Level 3.2 Short Blades
 + Level 17.6 Dodging
 - Level 3.0 Stealth
 - Level 7.4 Shields


You had 9 spell levels left.
You didn't know any spells.
Your spell library contained the following spells:

 Spells                   Type           Power      Damage    Failure   Level
 Freezing Cloud           Conj/Ice/Air   0%         6-21      100%        5
 Simulacrum               Ice/Necr       0%         N/A       100%        6
 Polar Vortex             Ice            0%         N/A       100%        9


Dungeon Overview and Level Annotations

Branches:
Dungeon (9/15)             Temple (1/1) D:5
   Lair: D:8-11         Orc: D:9-12

Altars:
Ashenzari
Cheibriados
Dithmenos
Elyvilon
Fedhas
Gozag
Hepliaklqana
Makhleb
Nemelex Xobeh
Okawaru
Qazlal
Ru
Sif Muna
Trog
Uskayaw
Vehumet
Wu Jian
Yredelemnul
Zin
The Shining One

Annotations:
D:9 exclusion: obsidian statue


Innate Abilities, Weirdness & Mutations

You are very small and have problems with some larger weapons.
You are too small for most types of armour.
You have supernaturally acute eyesight. (SInv)
You cover ground extremely quickly. (Speed+++)


Message History

The vampire is heavily damaged.
The vampire completely misses you. x2
You hit the vampire.
The vampire is heavily damaged.
The vampire hits you. The vampire completely misses you.
You hit the vampire.
The vampire is severely damaged.
The vampire completely misses you. The vampire misses you.
You hit the vampire but do no damage.
The vampire is severely damaged.
You block the vampire's attack. x2
You barely miss the vampire.
The vampire is severely damaged.
The vampire completely misses you. The vampire misses you.
You hit the vampire but do no damage.
The vampire is severely damaged.
The vampire draws life force from you!
The vampire is healed by the life force!
You are too injured to fight recklessly!
You are too injured to fight recklessly!
You are too injured to fight recklessly!
You are too injured to fight recklessly!
The vampire gestures wildly while chanting.
The vampire flickers and vanishes for a moment.
There is an open door here.
There is an open door here.
There is an open door here.
The kobold demonologist shouts!
The kobold demonologist looks braver for a moment.
The kobold demonologist casts a spell.
Your +2 whip of freezing stops glowing.
Your +2 dagger of venom begins to drip with poison!
a - a +2 dagger of venom (weapon)
You hit the vampire.
The vampire is heavily damaged.
The vampire hits you.
* * * LOW HITPOINT WARNING * * *
The vampire misses you. The vampire draws life force from you!!
You die...

..[....# #..........'.# #...#...
..)[)..# #..........### #..#.#..
##.)#### ########'### ##.#...#.
###..#### #.# ##.#.....#
#......># #.# #..#.≈≈≈.#
#.......# #.# #..#≈...≈#
#.......# ######.#####..#≈._.≈#
........#####...V.........#≈...≈#
#.......K.....##@..######.#.≈≈≈.#
#.....K.#######..### #.#.....#
#.......# ###.## ##.#...#.
#.......# #...# #..#.#.#
#.......# #.### #.#.#.##
#####.### #.# ##.##.## ......#
##'######## #..#### +#########
#.........####.##
.........###.........'.##.#


You could see a vampire (invisible).

Vanquished Creatures
  Erolcha (D:9)
  A two-headed ogre (D:8)
  An ugly thing (D:8)
  A manticore (D:8)
  Pikel (D:8)
  A troll (D:5)
  12 yaks
  A wraith (D:6)
  A black bear (D:5)
  An ogre (D:5)
  An orc warrior (D:7)
  2 necrophages
  2 centaurs
  A phantom (D:4)
  3 kobold brigands
  2 scorpions (D:5)
  A wyvern skeleton (D:7)
  2 water moccasin skeletons (D:5)
  4 wights (D:5)
  A howler monkey (D:9)
  4 centaur zombies
  A bullfrog zombie (D:6)
  4 hounds
  2 orc priests (D:8)
  A bullfrog skeleton (D:4)
  2 gnoll shamans
  2 iguanas
  9 orc wizards
  Natasha (thrice) (D:3)
  2 killer bee zombies
  18 gnolls
  A howler monkey skeleton (D:6)
  2 adders
  3 river rats (D:3)
  A shadow imp (D:7)
  3 white imps
  3 ufetubi
  A dart slug (D:2)
  A worm (D:3)
  25 orcs
  8 ball pythons
  6 bats
  A bat zombie (D:1)
  8 endoplasms
  5 giant cockroaches
  7 hobgoblins
  3 jackals (D:1)
  5 quokkas
  A ball python zombie (D:1)
  A frilled lizard (D:3)
  12 goblins
  20 kobolds
  8 rats
213 creatures vanquished.

Vanquished Creatures (collateral kills)
  A gnoll (D:3)
  A hobgoblin (D:3)
2 creatures vanquished.

Vanquished Creatures (others)
  2 fungi (D:3)
  11 plants
13 creatures vanquished.

Grand Total: 228 creatures vanquished

Notes
Turn   | Place    | Note
-------+----------+-------------------------------------------
     0 | D:1      | BlueGoblin the Spriggan Monk began the quest for the Orb.
     0 | D:1      | Reached XP level 1. HP: 11/11 MP: 2/2
   211 | D:1      | Reached XP level 2. HP: 16/16 MP: 3/3
   758 | D:1      | Reached skill level 5 in Dodging
  1524 | D:1      | Reached XP level 3. HP: 14/19 MP: 4/4
  2298 | D:2      | Reached skill level 6 in Dodging
  3021 | D:2      | Reached XP level 4. HP: 14/23 MP: 5/5
  3354 | D:2      | You fall into a shaft and drop 1 floor!
  3514 | D:3      | Reached skill level 7 in Dodging
  3523 | D:3      | Found a faded altar of an unknown god.
  3624 | D:3      | Reached XP level 5. HP: 27/27 MP: 6/6
  3916 | D:3      | Noticed Natasha
  3923 | D:3      | Killed Natasha
  3930 | D:3      | Reached skill level 1 in Shields
  4015 | D:3      | Noticed Natasha
  4395 | D:2      | Reached skill level 8 in Dodging
  4841 | D:3      | Killed Natasha
  4842 | D:3      | Reached XP level 6. HP: 24/32 MP: 7/7
  5307 | D:3      | Noticed Natasha
  5315 | D:3      | Killed Natasha
  5841 | D:4      | Reached skill level 9 in Dodging
  6280 | D:5      | Entered Level 5 of the Dungeon
  6347 | D:5      | Reached XP level 7. HP: 35/35 MP: 8/8
  6391 | D:5      | Found a staircase to the Ecumenical Temple.
  6411 | D:5      | Reached skill level 10 in Dodging
  6567 | Temple   | Entered the Ecumenical Temple
  6746 | Temple   | Became a worshipper of Dithmenos the Shadowed
  6746 | Temple   | Reached * piety under Dithmenos
  6746 | Temple   | Reached ** piety under Dithmenos
  6768 | D:5      | Found a snail-covered altar of Cheibriados.
  6790 | D:5      | Noticed a troll
  6853 | D:5      | Killed a troll
  6976 | D:5      | Found an opulent altar of Gozag.
  7033 | D:5      | Reached skill level 11 in Dodging
  7063 | D:5      | Reached XP level 8. HP: 36/39 MP: 9/9
  7795 | D:5      | Reached skill level 12 in Dodging
  8319 | D:5      | Found an iron altar of Okawaru.
  8408 | D:5      | Found a hide-covered altar of Uskayaw.
  8408 | D:5      | Found a shimmering blue altar of Sif Muna.
  8568 | D:6      | Found a hazy altar of Hepliaklqana.
  9320 | D:7      | Identified the ring "Ecyetus" {Wiz rC- rN++ Stlth+}
  9541 | D:6      | Reached skill level 13 in Dodging
  9541 | D:6      | Reached skill level 5 in Shields
  9541 | D:6      | Reached XP level 9. HP: 43/43 MP: 10/10
  9558 | D:7      | Reached *** piety under Dithmenos
 10212 | D:8      | Identified the +5 trident "Pezeresu" {drain, Dex+4}
 10664 | D:8      | Noticed a white ugly thing
 10737 | D:8      | Killed a white ugly thing
 10738 | D:8      | Reached skill level 14 in Dodging
 10825 | D:8      | Found a burning altar of Makhleb.
 11096 | D:8      | Noticed a two-headed ogre
 11130 | D:8      | Killed a two-headed ogre
 11632 | D:8      | Reached XP level 10. HP: 44/47 MP: 11/11
 11649 | D:8      | Reached skill level 15 in Dodging
 11860 | D:8      | Reached **** piety under Dithmenos
 11861 | D:8      | Noticed a manticore
 12073 | D:8      | Killed a manticore
 12439 | D:8      | Noticed Pikel
 12464 | D:8      | Killed Pikel
 12716 | D:9      | Noticed an obsidian statue
 13065 | D:9      | Reached skill level 16 in Dodging
 13106 | D:9      | Found a sacrificial altar of Ru.
 13153 | D:9      | Noticed Erolcha
 13249 | D:9      | Killed Erolcha
 13356 | D:9      | Reached skill level 17 in Dodging
 14097 | D:9      | Noticed an orange demon
 14778 | D:9      | Killed from afar by a vampire

Illustrated notes

Levels and vault maps discovered:
D:1:      saegor_arrival_fortress, layout_basic
D:2:      layout_basic, minmay_goblin_kobold_house
D:3:      layout_rooms, dreamdust_ecumenical_altar_grove, portal_sewer_entry_b,
          kennysheep_path_1, minmay_pentomino_pile, uniq_natasha
D:4:      layout_rooms
D:5:      layout_basic, okawaru_altar_gauntlet_db, mainiacjoe_overflow_alcove_1,
          grunt_gozag_breadcrumbs, gammafunk_temple_overflow_pools,
          minmay_temple_entry_overgrown
D:6:      layout_loops_cross, nicolae_hepliaklqana_hazy_memory,
          corexii_leaking_fountain
D:7:      layout_rooms
D:8:      layout_loops_ring, makhleb_blood_cavern_becter,
          chequers_serial_rivers_small_b, grunt_ministairs_11, minivault_25,
          uniq_pikel
D:9:      layout_roguey, nicolae_ru_awakened_eye, minmay_protected_statue,
          uniq_erolcha
Temple:   minmay_temple_bridge_abc

Skill      XL: |  1  2  3  4  5  6  7  8  9 10 |
---------------+-------------------------------+-----
Dodging        | 5 6 7 8 9 11 13 14 17 | 17.6
Shields        | 1 2 3 5 6 7 |  7.4
Fighting       | |  2.4
Short Blades   | |  3.2
Stealth        | |  3.0

Action                   |  1- 3 |  4- 6 |  7- 9 | 10-12 || total
-------------------------+-------+-------+-------+-------++-------
Melee: Short sword       |    16 |       |       |       ||    16
       Dagger            |   240 |   225 |   163 |   300 ||   928
       Spear             |       |    25 |   422 |       ||   447
       Whip              |       |       |       |    35 ||    35
Throw: Throwing net      |       |     5 |       |       ||     5
       Dart              |       |     2 |       |       ||     2
Evoke: Wand              |       |       |    22 |    15 ||    37
  Use: Scroll            |     3 |     7 |     4 |       ||    14
       Potion            |       |     1 |       |     4 ||     5
 Stab: Sleeping          |    10 |     5 |    10 |       ||    25
       Distracted        |       |     1 |     1 |     1 ||     3
       Held in net/web   |       |     2 |       |       ||     2
Armor: Robe              |    19 |     7 |     4 |     3 ||    33
       Skin              |       |       |       |    11 ||    11
Dodge: Dodged            |   225 |   165 |   421 |   267 ||  1078
Block: Buckler           |    19 |    48 |   194 |   146 ||   407

Table legend: (Time is in decaauts)
 A = Elapsed time spent in this place.
 B = Non-inter-level travel time spent in this place.
 C = Inter-level travel time spent in this place.
 D = Time resting spent in this place.
 E = Time spent auto-exploring this place.
 F = Levels seen in this place.
 G = Mean time per level.
                   A        B        C        D        E       F      G
               +--------+--------+--------+--------+--------+-----+--------+
         Total |  11944 |  11661 |    283 |   3480 |   5272 |  10 | 1194.4 |
       Dungeon |  11824 |  11552 |    272 |   3480 |   5172 |   9 | 1313.8 |
        Temple |    120 |    109 |     11 |      0 |    100 |   1 |  120.0 |
               +--------+--------+--------+--------+--------+-----+--------+

Top non-repeatable levels by time:
     D:8: 2089 daAuts
     D:2: 1799 daAuts
     D:1: 1557 daAuts
     D:9: 1423 daAuts
     D:5: 1300 daAuts
     D:3: 1224 daAuts
     D:7: 970 daAuts
     D:4: 766 daAuts
     D:6: 691 daAuts
  Temple: 120 daAuts
